 Dungeon Crawl Stone Soup version 0.23-a0-241-g3b46b07 (webtiles) character file.

5420 MisterFreud the Destroyer (level 10, -6/75 HPs)
             Began as a Naga Fire Elementalist on Sept 25, 2018.
             Was a Priest of Vehumet.
             Killed from afar by Erolcha (43 damage)
             ... with a bolt of cold
             ... on level 9 of the Dungeon on Sept 26, 2018.
             The game lasted 02:05:48 (11134 turns).

MisterFreud the Destroyer (Naga Fire Elementalist) Turns: 11134, Time: 02:05:50

Health: -6/75      AC:  7    Str: 11    XL:     10   Next: 67%
Magic:  25/26      EV: 10    Int: 18    God:    Vehumet [***...]
Gold:   77         SH:  0    Dex: 12    Spells: 4/19 levels left

rFire    + . .     SeeInvis +   s - +2 dagger (vamp)
rCold    x . .     Gourm    +   (no shield)
rNeg     . . .     Faith    .   j - +2 animal skin
rPois    +         Spirit   .   p - +0 helmet
rElec    .         Reflect  .   (no cloak)
rCorr    .         Harm     .   (no gloves)
MR       +....                  (no barding)
Stlth    ++........             A - amulet of the gourmand
HPRegen  0.22/turn              m - ring of magical power
MPRegen  0.20/turn              r - ring of fire

@: very slow
A: large, see invisible, deformed body, poison resistance, slowness 2, slow
metabolism 1, spit poison 1, AC +3
a: Spit Poison, Renounce Religion


You were on level 9 of the Dungeon.
You worshipped Vehumet.
Vehumet was most pleased with you.
You were not hungry.

You visited 2 branches of the dungeon, and saw 10 of its levels.
You also visited: Ossuary.

You collected 427 gold pieces.
You spent 350 gold pieces at shops.

Inventory:

Hand Weapons
 s - a +2 vampiric dagger (weapon)
Missiles
 b - 386 stones (quivered)
 l - 3 throwing nets
 v - 3 javelins
Armour
 j - a +2 animal skin (worn)
 p - a +0 helmet (worn)
Jewellery
 f - an uncursed ring of flight
 m - a ring of magical power (left hand)
 q - an uncursed amulet of regeneration
 r - a ring of fire (right hand)
 A - an amulet of the gourmand (around neck)
Wands
 i - a wand of iceblast (16)
 u - a wand of random effects (43)
 w - a wand of polymorph (8)
 y - a wand of acid (8)
Scrolls
 d - a scroll of brand weapon {unknown}
 k - a scroll of teleportation
 n - a scroll of fog
 z - 2 scrolls of enchant weapon {unknown}
 B - a scroll of vulnerability {unknown}
Potions
 a - a potion of flight
 e - 5 potions of agility
 g - 3 potions of brilliance
 h - 2 potions of resistance
 o - a potion of cancellation
 t - 4 potions of curing
 x - 2 potions of berserk rage {unknown}
 C - a potion of lignification
 D - a potion of might
Comestibles
 c - 6 rations


   Skills:
 - Level 6.3 Short Blades
 - Level 1.5 Dodging
 - Level 3.0 Stealth
 - Level 5.0 Spellcasting
 + Level 9.6 Conjurations
 + Level 9.6 Fire Magic


You had 4 spell levels left.
You knew the following spells:

 Your Spells              Type           Power        Failure   Level  Hunger
a - Flame Tongue          Conj/Fire      #####        1%          1    None
b - Conjure Flame         Conj/Fire      ######..     1%          3    ##.....
c - Sticky Flame          Conj/Fire      ######..     1%          4    ####...
d - Blink                 Tloc           N/A          21%         2    #......
e - Fireball              Conj/Fire      ######....   1%          5    ######.

Your spell library contained the following spells:

 Spells                   Type           Power        Failure   Level  Hunger
 Dazzling Spray           Conj/Hex       ###...       1%          3    ##.....
 Magic Dart               Conj           ####         1%          1    None
 Throw Flame              Conj/Fire      ######       1%          2    #......
 Inner Flame              Hex/Fire       ####....     1%          3    ##.....
 Mephitic Cloud           Conj/Pois/Air  ###.....     3%          3    ##.....
 Animate Skeleton         Necr           N/A          13%         1    None
 Apportation              Tloc           #.....       13%         1    None
 Confusing Touch          Hex            #.....       13%         1    None
 Summon Small Mammal      Summ           #...         13%         1    None
 Call Imp                 Summ           #.......     21%         2    #......
 Slow                     Hex            #.......     21%         2    #......


Dungeon Overview and Level Annotations

Branches:
Dungeon (9/15)             Temple (1/1) D:5
   Lair: D:8-11         Orc: D:9-12

Altars:
Ashenzari
Dithmenos
Elyvilon
Kikubaaqudgha
Makhleb
Nemelex Xobeh
Qazlal
Ru
Sif Muna
Uskayaw
Vehumet
Xom
The Shining One

Shops:
D:8 !%

Annotations:
D:4 3 runed doors, Nib's ghost, amateur CeHu; Pikel; Scuka's ghost, amateur GrFi
D:9 Erolcha


Innate Abilities, Weirdness & Mutations

You cannot wear boots.
Your serpentine skin is tough. (AC +3)
You have supernaturally acute eyesight. (SInv)
Armour fits poorly on your strangely shaped body.
Your system is resistant to poisons. (rPois)
You cover ground very slowly.
You have a slow metabolism.
You can spit poison.


Message History

Vehumet accepts your kill.
Vehumet is aiding your destructive magics.
You feel your power returning.
The electric eel returns to its original shape as it dies.
Erolcha shouts!
You hear an angry buzzing noise.
You see here an electric eel corpse.
Erolcha gestures wildly while chanting.
Erolcha seems to speed up.
The electric eel shoots out a bolt of lightning at you!
The bolt of electricity hits you!
You see here an electric eel corpse.
The electric eel shoots out a bolt of lightning at you!
The bolt of electricity hits you! Erolcha casts a spell at you.
The bolt of cold hits you!
You feel a terrible chill!
You hear an angry buzzing noise. x2
Erolcha gestures at you while chanting. The bolt of cold hits you!
You feel a terrible chill!
Ouch! That really hurt!
You die...

....#.....########...............
....#...........)................
'#+##............................
.................................
.................................
......................(..########
.........................#
..................(...>..#
................@........#
........##########.......#
..#####.# #†O.....# ..#...#.
#.......# ..#...#.# #.......#
.÷#...#.#### #.......#
.(#.......... ........#
.)##(........ ≈≈≈≈≈≈....
..((...≈.≈... ≈≈≈;≈≈.≈...


You could see Erolcha.

Vanquished Creatures
  An unseen horror (D:9)
  A troll (D:9)
  Prince Ribbit (D:9)
  3 wyverns
  Eustachio (D:5)
  A water moccasin (D:9)
  2 orc warriors
  2 ice beasts
  3 sky beasts
  A slave (D:5)
  A necrophage (D:8)
  A phantom (Temple)
  4 ogres
  4 centaurs
  A wolf (D:9)
  3 bullfrogs
  2 scorpions
  2 howler monkeys (D:9)
  8 crimson imps
  7 hounds
  A quasit (D:7)
  A bullfrog skeleton (D:6)
  6 jellies
  6 orc priests
  2 centaur skeletons (D:4)
  A gnoll shaman (D:6)
  Ijyb (D:3)
  2 iguanas
  3 worker ants
  11 orc wizards
  A mummy (D:5)
  A hound skeleton (D:5)
  Robin (D:2)
  9 gnolls
  13 adders
  A river rat (D:9)
  A shadow imp (D:4)
  An ooze (D:2)
  2 adder skeletons (D:4)
  An adder zombie (D:6)
  5 worms
  3 dart slugs
  5 leopard geckos
  38 orcs
  A ball python (D:2)
  10 giant cockroaches
  12 goblins
  7 hobgoblins
  11 jackals
  3 quokkas
  10 bats
  7 frilled lizards
  7 hobgoblin zombies (Ossuary)
  3 jackal zombies
  10 kobolds
  6 kobold zombies (Ossuary)
  A leopard gecko skeleton (D:5)
  7 orc zombies (Ossuary)
  A quokka skeleton (D:9)
  9 rats
270 creatures vanquished.

Vanquished Creatures (others)
  A jelly (D:5)
  A fire vortex (D:6)
  4 withered plants (D:4)
6 creatures vanquished.

Grand Total: 276 creatures vanquished

Notes
Turn   | Place    | Note
-------+----------+-------------------------------------------
     0 | D:1      | MisterFreud the Naga Fire Elementalist began the quest for
                  | the Orb.
     0 | D:1      | Reached XP level 1. HP: 15/15 MP: 3/3
    53 | D:1      | Reached XP level 2. HP: 5/22 MP: 0/5
   734 | D:2      | Reached XP level 3. HP: 28/28 MP: 2/6
   739 | D:2      | Learned a level 3 spell: Conjure Flame
   777 | D:2      | Found a faded altar of an unknown god.
   945 | D:2      | Reached XP level 4. HP: 36/36 MP: 3/7
  1153 | D:2      | Found a shadowy altar of Dithmenos.
  1202 | D:2      | Noticed Robin
  1220 | D:2      | Killed Robin
  1486 | D:2      | Found a shattered altar of Ashenzari.
  1659 | D:3      | Reached XP level 5. HP: 36/42 MP: 2/8
  1826 | D:3      | Noticed Ijyb
  1844 | D:3      | Killed Ijyb
  2303 | D:3      | Found a faded altar of an unknown god.
  2303 | D:3      | Found a faded altar of an unknown god.
  2308 | D:3      | Found a shimmering altar of Xom.
  2311 | D:3      | Found a hide-covered altar of Uskayaw.
  2312 | D:3      | Found a glowing golden altar of the Shining One.
  2431 | D:4      | Noticed a slave
  2432 | D:4      | Noticed Pikel
  2432 | D:4      | Noticed a slave
  2433 | D:4      | Noticed a slave
  2433 | D:4      | Noticed a slave
  2544 | D:3      | Reached XP level 6. HP: 29/49 MP: 7/9
  3048 | D:4      | Found a runed gate.
  3049 | D:4      | Found a runed gate.
  3050 | D:4      | Found a runed gate.
  3052 | D:4      | Noticed Nib's ghost (amateur CeHu)
  3052 | D:4      | Noticed Scuka's ghost (amateur GrFi)
  3096 | D:4      | Reached skill level 5 in Conjurations
  3096 | D:4      | Reached skill level 5 in Fire Magic
  3108 | D:4      | Reached skill level 1 in Short Blades
  3125 | D:4      | Learned a level 4 spell: Sticky Flame
  3361 | D:4      | Found a deep blue altar of Sif Muna.
  3582 | D:4      | Found a stormy altar of Qazlal.
  3805 | D:5      | Entered Level 5 of the Dungeon
  3847 | D:5      | Killed a slave
  3878 | D:5      | Reached XP level 7. HP: 53/55 MP: 2/10
  3887 | D:5      | Found a sand-covered staircase.
  3966 | Ossuary  | Entered an ossuary
  4393 | D:5      | Found a radiant altar of Vehumet.
  4399 | D:5      | Became a worshipper of Vehumet
  4567 | D:5      | Found a staircase to the Ecumenical Temple.
  4568 | D:5      | Noticed Eustachio
  4579 | Temple   | Entered the Ecumenical Temple
  4612 | D:5      | Killed Eustachio
  4612 | D:5      | Reached skill level 5 in Short Blades
  4736 | Temple   | Reached XP level 8. HP: 38/62 MP: 11/11
  4920 | D:5      | Learned a level 2 spell: Blink
  4997 | D:4      | Reached * piety under Vehumet
  4997 | D:4      | Offered knowledge of Sandblast by Vehumet.
  5351 | D:6      | Noticed a wyvern
  5510 | D:6      | Found an ancient bone altar of Kikubaaqudgha.
  5703 | D:6      | Found a burning altar of Makhleb.
  5870 | D:6      | Killed a wyvern
  5999 | D:6      | Reached XP level 9. HP: 27/68 MP: 7/12
  6949 | D:6      | Found a sparkling altar of Nemelex Xobeh.
  6955 | D:6      | Found a white marble altar of Elyvilon.
  7906 | D:7      | Upgraded the game from 0.23-a0-208-gb6b040f to
                  | 0.23-a0-241-g3b46b07
  7989 | D:7      | HP: 3/68 [orc warrior/war axe (14)]
  8870 | D:8      | Offered knowledge of Searing Ray by Vehumet.
  8888 | D:8      | Reached ** piety under Vehumet
  8956 | D:8      | Found Xippiucs's Distillery.
  8963 | D:8      | Bought a potion of curing for 42 gold pieces
  8963 | D:8      | Bought a potion of heal wounds for 70 gold pieces
  8963 | D:8      | Bought a potion of curing for 42 gold pieces
  8963 | D:8      | Bought a potion of brilliance for 56 gold pieces
  8963 | D:8      | Bought a potion of degeneration for 14 gold pieces
  8963 | D:8      | Bought 2 potions of lignification for 84 gold pieces
  8963 | D:8      | Bought a potion of curing for 42 gold pieces
  9316 | D:8      | Found Yskostri's Food Boutique.
  9677 | D:8      | Reached skill level 5 in Spellcasting
  9684 | D:8      | Learned a level 5 spell: Fireball
  9703 | D:8      | Reached XP level 10. HP: 75/75 MP: 17/17
  9819 | D:9      | Noticed Prince Ribbit
  9923 | D:9      | HP: 5/112 [troll (5)]
 10120 | D:9      | Found a sacrificial altar of Ru.
 10263 | D:9      | Killed Prince Ribbit
 10374 | D:9      | Noticed a two-headed ogre
 10375 | D:9      | Noticed Erolcha
 10431 | D:9      | Offered knowledge of Dazzling Spray by Vehumet.
 10753 | D:9      | Noticed an unseen horror
 10807 | D:9      | Killed an unseen horror
 11128 | D:9      | Reached *** piety under Vehumet
 11134 | D:9      | Killed from afar by Erolcha

Vault maps used:
D:1:      saegor_arrival_simple_a
D:2:      wad_pebble_path, lemuel_round_altar, lemuel_round_altar, first_ration,
          chequers_ecumenical_altar_twisty, uniq_robin
D:3:      chequers_temple_overflow_minitemple, uniq_ijyb
D:4:      lemuel_doored_altar, lemuel_crystal_altar, gammafunk_ghost_cemetery,
          uniq_pikel
D:5:      kennysheep_mini, minmay_temple_entry_crystal_x,
          gup_ossuary_entry_pyramid, uniq_eustachio
D:6:      nicolae_overflow_quartered_altars
D:8:      serial_shops, nicolae_shop_window_shopping, shop
D:9:      old_standard_altar, erik_lair_island, uniq_erolcha,
          uniq_prince_ribbit1, uniq_gastronok
Temple:   jpeg_temple_island
Ossuary:  ossuary_tomb_1

Skill      XL: |  1  2  3  4  5  6  7  8  9 10 |
---------------+-------------------------------+-----
Conjurations   | 2 3 4 5 6 8 9 |  9.6
Fire Magic     | 4 5 6 8 9 |  9.6
Short Blades   | 2 5 6 |  6.3
Spellcasting   | 5 |  5.0
Dodging        | |  1.5
Stealth        | |  3.0

Action                   |  1- 3 |  4- 6 |  7- 9 | 10-12 || total
-------------------------+-------+-------+-------+-------++-------
Melee: Unarmed           |     1 |       |       |       ||     1
       Short sword       |       |    21 |       |       ||    21
       Dagger            |       |    72 |  1236 |   122 ||  1430
Throw: Stone             |     2 |     1 |     3 |       ||     6
 Cast: Flame Tongue      |    30 |    94 |    54 |     9 ||   187
       Conjure Flame     |       |     2 |       |       ||     2
       Sticky Flame      |       |       |    37 |    29 ||    66
       Blink             |       |       |     2 |       ||     2
 Abil: Spit Poison       |    25 |    51 |    31 |     4 ||   111
       Evoke Flight      |       |       |     1 |       ||     1
Evoke: Wand              |       |       |    11 |     1 ||    12
  Use: Scroll            |     3 |    12 |     6 |     3 ||    24
       Potion            |       |     1 |     1 |     4 ||     6
 Stab: Sleeping          |       |     4 |     2 |       ||     6
       Distracted        |       |       |       |     1 ||     1
  Eat: Chunk             |     1 |    11 |    20 |    14 ||    46
       Ration            |       |     2 |     3 |       ||     5
Armor: Robe              |     5 |    23 |   250 |       ||   278
       Animal skin       |       |       |    32 |    44 ||    76
       Skin              |       |       |     5 |     9 ||    14
Dodge: Dodged            |     4 |    66 |   559 |    87 ||   716

Table legend:
 A = Non-vault XP
 B = Vault XP
 C = Vault XP percentage of total XP
 D = Non-vault monster count
 E = Vault monster count
 F = Vault count percentage of total count
                 A         B        C        D         E       F
            +---------+---------+-------+---------+---------+-------
      Total |    6516 |    1228 |  15.9 |     226 |      43 |  16.0
            +---------+---------+-------+---------+---------+-------
        D:1 |      20 |       0 |   0.0 |      13 |       0 |   0.0
        D:2 |      90 |      34 |  27.4 |      36 |      11 |  23.4
        D:3 |     251 |      36 |  12.5 |      38 |       1 |   2.6
        D:4 |     408 |       0 |   0.0 |      21 |       0 |   0.0
        D:5 |     555 |     212 |  27.6 |      27 |       2 |   6.9
        D:6 |    1147 |       0 |   0.0 |      24 |       0 |   0.0
        D:7 |     793 |       0 |   0.0 |      18 |       0 |   0.0
        D:8 |     771 |       0 |   0.0 |      16 |       0 |   0.0
        D:9 |    2300 |     925 |  28.7 |      29 |       8 |  21.6
     Temple |     181 |       0 |   0.0 |       4 |       0 |   0.0
    Ossuary |       0 |      21 | 100.0 |       0 |      21 | 100.0
            +---------+---------+-------+---------+---------+-------
